 Dungeon Crawl Stone Soup version 0.31-a0-960-g0fca184906 (webtiles) character file.

Game seed: 17716896054105573411

4137 Azuregosa the Fighter (level 10, 0/71 (77) HPs)
             Began as an Octopode Fighter on Oct 23, 2023.
             Was an Initiate of Dithmenos.
             Slain by Nico3ck's ghost (1 damage)
             ... on level 8 of the Dungeon.
             The game lasted 00:19:31 (8001 turns).

Azuregosa the Fighter (Octopode Fighter)            Turns: 8001, Time: 00:19:32

HP:   0/71 (77)     AC:  3    Str: 15    XL:     10   Next: 27%
MP:   10/10         EV: 13    Int: 10    God:    Dithmenos [......]
Gold: 487           SH:  5    Dex: 17    Spells: 9/9 levels left

rFire   + . .        a - +0 long sword
rCold   . . .        b - +0 buckler
rNeg    . . .        e - +2 hat
rPois   .            K - amulet of magic regeneration
rElec   .            A - ring of protection from fire
rCorr   .            (no ring)
SInv    .            (no ring)
Will    .....        (no ring)
Stlth   +++          (no ring)
HPRegen 0.31/turn    (no ring)
MPRegen 0.52/turn    (no ring)
                     (no ring)

%: no passive effects
@: mighty, drained
A: almost no armour, amphibious, 8 rings, camouflage 1, gelatinous body 1,
(nimble swimmer 1), tentacles
a: Renounce Religion


You were on level 8 of the Dungeon.
You worshipped Dithmenos.
Dithmenos was noncommittal.
You visited 2 branches of the dungeon, and saw 9 of its levels.
You also visited: Sewer.

You collected 487 gold pieces.

Inventory:

Hand Weapons
 a - a +0 long sword (weapon)
 n - a +0 falchion
 u - the +1 short sword of Atasock {heavy, Dex+4}
   (You found it on level 3 of the Dungeon)

   Dex+4:     It affects your dexterity (+4).
 v - a +1 dagger of venom
 E - a +1 short sword of venom
Missiles
 d - 72 stones
 p - 10 boomerangs
 w - 53 poisoned darts
 D - 2 curare-tipped darts
 M - a throwing net
 O - 2 javelins
Armour
 b - a +0 buckler (worn)
 e - a +2 hat (worn)
Magical Staves
 N - a staff of death
Jewellery
 A - a ring of protection from fire (left tentacle)
 K - an amulet of magic regeneration (around mantle)
Talismans
 y - a serpent talisman
 F - a beast talisman
 I - a serpent talisman
 T - a maw talisman
Wands
 G - a wand of light (8)
 L - a wand of polymorph (4)
 Q - a wand of digging (4)
 S - a wand of iceblast (2)
 U - a wand of charming (9)
Scrolls
 f - a scroll of identify {unknown}
 h - 3 scrolls of fog {unknown}
 j - a scroll of enchant weapon {unknown}
 k - 4 scrolls of teleportation {unknown}
 o - 2 scrolls of enchant armour {unknown}
 q - a scroll of brand weapon {unknown}
 r - a scroll of blinking {unknown}
 s - 2 scrolls of revelation {unknown}
 x - a scroll of immolation {unknown}
 H - a scroll of torment {unknown}
 J - a scroll of amnesia {unknown}
 P - a scroll of acquirement {unknown}
Potions
 c - a potion of might
 g - 3 potions of heal wounds {unknown}
 i - 2 potions of haste {unknown}
 l - a potion of ambrosia {unknown}
 m - 4 potions of curing {unknown}
 t - 5 potions of mutation {unknown}
 z - 2 potions of lignification {unknown}
 B - a potion of berserk rage {unknown}
 C - 3 potions of cancellation {unknown}
 R - a potion of invisibility {unknown}


   Skills:
 + Level 10.8 Fighting
 + Level 10.5 Long Blades
 - Level 3.0 Dodging
 - Level 3.0 Shields


You had 9 spell levels left.
You didn't know any spells.
Your spell library contained the following spells:

 Spells                   Type           Power      Damage    Failure   Level
 Magic Dart               Conj           0%         1d3       45%         1
 Call Imp                 Summ           0%         N/A       58%         2
 Ignite Poison            Fire/Tmut/Pois 0%         N/A       83%         3
 Mephitic Cloud           Conj/Pois/Air  0%         N/A       83%         3
 Sticky Flame             Conj/Fire      0%         2d3       99%         4
 Ignition                 Fire           0%         3d3       100%        8


Dungeon Overview and Level Annotations

Branches:
Dungeon (8/15)             Temple (1/1) D:4           Sewer (visited)
   Lair: D:8-11

Altars:
Ashenzari
Cheibriados
Dithmenos
Fedhas
Kikubaaqudgha
Makhleb
Nemelex Xobeh
Okawaru
Qazlal
Ru
Sif Muna
Trog
Uskayaw
Vehumet
Wu Jian
Xom
Yredelemnul
Zin
The Shining One

Annotations:
D:6 1 runed translucent door
D:8 Nico3ck's ghost, novice DsGl


Innate Abilities, Weirdness & Mutations

You cannot wear most types of armour.
You are amphibious.
You can wear up to eight rings at the same time.
Your skin changes colour to match your surroundings (Stealth+).
Your rubbery body absorbs attacks. (AC +1, EV +1)
((You are camouflaged when in or above water. (Stealth+)))
You have tentacles for arms and can constrict up to eight enemies at once.


Message History

You slash the +2 whip of chaos! Your grab misses the +2 whip of chaos.
The +2 whip of chaos is severely damaged.
The +2 whip of chaos hits you! The +2 whip of chaos freezes you.
The +2 whip of chaos hits you. The +2 whip of chaos freezes you.
You closely miss the +2 whip of chaos. You grab the +2 whip of chaos.
The +2 whip of chaos is severely damaged.
You constrict the +2 whip of chaos. The +2 whip of chaos hits you!
The +2 whip of chaos freezes you.
You hit the +2 whip of chaos but do no damage.
The +2 whip of chaos is severely damaged.
You constrict the +2 whip of chaos.
The +2 whip of chaos closely misses you.
The +2 whip of chaos hits you.
The +2 whip of chaos draws strength from your wounds!
You hit the +2 whip of chaos.
The +2 whip of chaos is almost destroyed.
You constrict the +2 whip of chaos.
The +2 whip of chaos falls from the air.
Dithmenos accepts your kill.
You barely miss Nico3ck's ghost.
You squeeze Nico3ck's ghost, but do no damage.
Nico3ck's ghost hits you!
* * * LOW HITPOINT WARNING * * *
You feel drained.
* * * LOW HITPOINT WARNING * * *
Okay, then.
You feel very mighty all of a sudden. You block Nico3ck's ghost's attack.
You barely miss Nico3ck's ghost. You squeeze Nico3ck's ghost!
Nico3ck's ghost is lightly damaged.
Nico3ck's ghost hits you!
* * * LOW HITPOINT WARNING * * *
You feel drained.
* * * LOW HITPOINT WARNING * * *
You slice Nico3ck's ghost!!
Nico3ck's ghost is heavily damaged.
Nico3ck's ghost hits you.
* * * LOW HITPOINT WARNING * * *
You feel drained.
You die...

######..#......#
######''###
#>##..# #....##
#.#### #.#
#####.#
###.....#
#....@..#
#...W.#.#
###)###.#
#._.##.#
##.###.# ## ..#
.#


You could see Nico3ck's ghost.

Vanquished Creatures
  A dancing weapon (D:8)
  Pikel (D:5)
  Sigmund (D:6)
  A water moccasin (D:6)
  2 ice beasts
  A sky beast (D:7)
  3 black bears
  3 centaurs
  4 ogres
  A lemure (D:5)
  2 bullfrogs (D:7)
  8 kobold brigands
  A gnoll sergeant (D:6)
  5 scorpions
  2 orc priests
  A jelly (D:5)
  4 hounds
  2 iguanas
  A human skeleton (D:6)
  A gnoll bouda (D:8)
  2 orc wizards (D:3)
  A mummy (D:4)
  10 gnolls
  8 adders
  2 white imps
  2 worms (Sewer)
  2 dart slugs (D:2)
  12 orcs
  9 ball pythons
  9 endoplasms
  7 giant cockroaches
  9 goblins
  6 hobgoblins
  5 quokkas
  3 bats
  3 frilled lizards (D:3)
  A goblin zombie (D:6)
  31 kobolds
  8 rats
175 creatures vanquished.

Notes
Turn   | Place    | Note
-------+----------+-------------------------------------------
     0 | D:1      | Azuregosa the Octopode Fighter began the quest for the Orb.
     0 | D:1      | Reached XP level 1. HP: 16/16 MP: 1/1
   264 | D:1      | Reached XP level 2. HP: 14/21 MP: 2/2
   548 | D:1      | Reached XP level 3. HP: 26/26 MP: 3/3
  1303 | D:3      | Reached XP level 4. HP: 29/33 MP: 4/4
  1337 | D:3      | Found a sacrificial altar of Ru.
  1562 | D:3      | Identified the +1 short sword of Atasock {heavy, Dex+4}
  1670 | D:3      | Reached XP level 5. HP: 33/38 MP: 5/5
  2002 | D:4      | Found a snail-covered altar of Cheibriados.
  2051 | D:4      | Reached skill level 5 in Fighting
  2051 | D:4      | Reached XP level 6. HP: 44/45 MP: 6/6
  2370 | D:4      | Found a glowing drain.
  2391 | Sewer    | Entered a sewer
  2563 | Sewer    | Reached skill level 5 in Long Blades
  2593 | Sewer    | Reached XP level 7. HP: 44/51 MP: 7/7
  3067 | D:5      | Entered Level 5 of the Dungeon
  3184 | D:5      | Found a glowing golden altar of the Shining One.
  3213 | D:5      | Found a hide-covered altar of Uskayaw.
  3215 | D:5      | Found a shimmering blue altar of Sif Muna.
  3294 | D:5      | Noticed Pikel
  3308 | D:5      | Killed Pikel
  3309 | D:5      | Reached XP level 8. HP: 42/60 MP: 8/8
  3409 | D:5      | Found an ornate altar of the Wu Jian Council.
  3411 | D:5      | Found a shadowy altar of Dithmenos.
  3915 | D:4      | Found a staircase to the Ecumenical Temple.
  3921 | Temple   | Entered the Ecumenical Temple
  4043 | D:5      | Identified the +5 acid dragon scales of Disappointment
                  | {rCorr SInv}
  4856 | D:5      | Reached XP level 9. HP: 61/67 MP: 9/9
  5491 | D:6      | Noticed Sigmund
  5503 | D:6      | Killed Sigmund
  5918 | D:6      | Found a runed translucent door.
  5923 | D:6      | Found a basalt altar of Yredelemnul.
  6037 | D:5      | Became a worshipper of Dithmenos the Shadowed
  6716 | D:7      | Reached skill level 10 in Fighting
  6848 | D:7      | Found a burning altar of Makhleb.
  6960 | D:7      | Reached XP level 10. HP: 76/76 MP: 10/10
  7001 | D:7      | Reached skill level 10 in Long Blades
  7111 | D:7      | Found a sparkling altar of Nemelex Xobeh.
  7554 | D:8      | Found a blossoming altar of Fedhas.
  7817 | D:8      | Reached * piety under Dithmenos
  7986 | D:8      | Found a runed translucent door.
  7986 | D:8      | Found a shimmering altar of Xom.
  7986 | D:8      | Noticed Nico3ck's ghost (novice DsGl)
  7986 | D:8      | Noticed a +2 whip of chaos
  7996 | D:8      | Killed a +2 whip of chaos
  8001 | D:8      | HP: 1/72 [Nico3ck's ghost (4)]
  8001 | D:8      | Slain by Nico3ck's ghost

Illustrated notes

Levels and vault maps discovered:
D:1:      dpeg_arrival_signposts, layout_basic, minmay_misc_feat_more_columns,
          serial_park_tiny_2
D:2:      layout_rooms, corexii_corridor_pit
D:3:      layout_rooms, nicolae_ru_great_annihilating_truth, wad_rectangle_vault
D:4:      layout_gridville, slow_altar_1, minmay_temple_entry_enclosed_plants,
          gup_sewer_entry_glass
D:5:      layout_basic, nicolae_overflow_hidden_temple,
          mainiacjoe_overflow_catwalk, uniq_pikel
D:6:      layout_basic, dk_yredelemnul_ordeal, minivault_11, uniq_sigmund
D:7:      layout_loops_corners, nemelex_dance_club_becter, bloody_makhleb
D:8:      layout_basic, fedhas_ov_isle_minmay, ebering_ghost_xom,
          kennysheep_generic_room_12
Temple:   nicolae_temple_colour_theory

Skill      XL: |  1  2  3  4  5  6  7  8  9 10 |
---------------+-------------------------------+-----
Long Blades    | 3 4 5 7 8 9 10 | 10.5
Fighting       | 4 5 7 8 10 | 10.8
Dodging        | |  3.0
Shields        | |  3.0

Action                     |  1- 3 |  4- 6 |  7- 9 | 10-12 || total
---------------------------+-------+-------+-------+-------++-------
  Melee: Long sword        |    66 |    84 |   228 |    38 ||   416
         Constrict         |    13 |    22 |    39 |     9 ||    83
         Tentacles         |    13 |    20 |    51 |    16 ||   100
         Punch             |     1 |     2 |     2 |       ||     5
  Throw: Stone             |       |       |     1 |       ||     1
    Use: Potion            |       |       |       |     1 ||     1
   Stab: Sleeping          |     7 |     3 |    14 |     2 ||    26
         Distracted        |     1 |       |       |       ||     1
         Paralysed         |       |     1 |       |       ||     1
 Armour: Skin              |    28 |    47 |    93 |    18 ||   186
  Dodge: Dodged            |    34 |    51 |   125 |    18 ||   228
  Block: Buckler           |    18 |    17 |    46 |     6 ||    87

Table legend: (Time is in decaauts)
 A = Elapsed time spent in this place.
 B = Non-inter-level travel time spent in this place.
 C = Inter-level travel time spent in this place.
 D = Time resting spent in this place.
 E = Time spent auto-exploring this place.
 F = Levels seen in this place.
 G = Mean time per level.
                   A        B        C        D        E       F      G
               +--------+--------+--------+--------+--------+-----+--------+
         Total |   8052 |   7818 |    234 |    705 |   5121 |  10 |  805.2 |
       Dungeon |   7383 |   7149 |    234 |    705 |   4705 |   8 |  922.9 |
        Temple |      1 |      1 |      0 |      0 |      0 |   1 |    1.0 |
         Sewer |    666 |    666 |      0 |      0 |    416 |   1 |  666.0 |
               +--------+--------+--------+--------+--------+-----+--------+

Top non-repeatable levels by time:
     D:5: 1334 daAuts
     D:6: 1245 daAuts
     D:4: 1055 daAuts
     D:7: 1052 daAuts
     D:3: 965 daAuts
     D:1: 739 daAuts
   Sewer: 666 daAuts
     D:8: 505 daAuts
     D:2: 486 daAuts
  Temple: 1 daAuts
